 Dungeon Crawl Stone Soup version 0.29-a0-338-g1ff7896281 (webtiles) character file.

Game seed: 289270076840765770

124 spaghetti the Skirmisher (level 5, -2/49 HPs)
             Began as a Naga Fighter on Apr 18, 2022.
             Slain by an ogre
             ... wielding a +0 giant club
              (24 damage)
             ... on level 4 of the Dungeon.
             The game lasted 00:03:45 (3694 turns).

spaghetti the Skirmisher (Naga Fighter)             Turns: 3694, Time: 00:03:45

Health: -2/49      AC:  6    Str: 23    XL:     5   Next: 8%
Magic:  14/14      EV:  8    Int:  8    God:
Gold:   135        SH:  5    Dex: 16    Spells: 4/4 levels left

rFire   . . .      SeeInvis +   l - +8 dagger of Idodunnaar {venom, rPois MP+9 Str+4 Dex+4, short}
rCold   . . .      Faith    .   c - +0 buckler
rNeg    . . .      Spirit   .   b - +0 scale mail
rPois   +          Reflect  .   (no helmet)
rElec   .          Harm     .   p - +0 cloak
rCorr   .          Rampage  .   (no gloves)
Will    .....                   (no barding)
Stlth   +.........              (no amulet)
HPRegen 0.16/turn               (no ring)
MPRegen 0.14/turn               (no ring)

@: mighty, very slow
A: AC +1, large, see invisible, deformed body, poison resistance, slowness 2,
spit poison 1, naga tail 1, mutation resistance 1
a: Spit Poison


You were on level 4 of the Dungeon.
You visited 1 branch of the dungeon, and saw 4 of its levels.

You collected 135 gold pieces.


Innate Abilities, Weirdness & Mutations

Your serpentine skin is tough. (AC +1)
You have supernaturally acute eyesight. (SInv)
Armour fits poorly on your strangely shaped body.
Your system is resistant to poisons. (rPois)
You cover ground very slowly.
You can spit poison.
You have a snake-like lower body.
You are somewhat resistant to further mutation.


   Skills:
 + Level 3.3 Fighting
 * Level 1.2 Short Blades
 - Level 2.4 Axes
 * Level 3.1 Armour
 * Level 1.7 Dodging
 * Level 2.7 Stealth
 - Level 2.4 Shields


You had 4 spell levels left.
You didn't know any spells.
Your spell library contained the following spells:

 Spells                   Type           Power      Damage    Failure   Level
 Sublimation of Blood     Necr           0%         N/A       90%         2
 Petrify                  Tmut/Erth      0%         N/A       100%        4
 Irradiate                Conj/Tmut      0%         3d13      100%        5

Inventory:

Hand Weapons
 a - a +0 war axe {axe}
 i - a +4 quarterstaff of chaos {staff}
   (You took it off Crazy Yiuf on level 2 of the Dungeon)
 l - the +8 dagger of Idodunnaar (weapon) {venom, rPois MP+9 Str+4 Dex+4, short}
   (You found it on level 2 of the Dungeon)

   It poisons the flesh of those it strikes.
   Str:       It affects your strength (+4).
   Dex:       It affects your dexterity (+4).
   rPois:     It protects you from poison.
   MP:        It affects your magic capacity (+9).
Missiles
 f - 93 stones (quivered) {throwing}
 t - 6 poisoned darts {throwing}
Armour
 b - a +0 scale mail (worn)
 c - a +0 buckler (worn)
 p - a +0 cloak (worn)
   (You took it off Crazy Yiuf on level 2 of the Dungeon)
Magical Staves
 g - a staff of earth {!astaff}
   (You found it on level 2 of the Dungeon)
 r - a staff of earth {!astaff}
   (You found it on level 3 of the Dungeon)
 s - a staff of conjuration {!a@e2staff}
   (You found it on level 3 of the Dungeon)
Scrolls
 h - 3 scrolls of teleportation {unknown}
 j - a scroll of torment {unknown}
 m - a scroll of amnesia {unknown}
 o - 2 scrolls of blinking {unknown}
 u - 2 scrolls of identify {unknown}
Potions
 e - 2 potions of mutation {!q}
 k - a potion of flight {unknown}
 n - a potion of resistance {unknown}
 q - a potion of attraction {!q}

Dungeon Overview and Level Annotations

Branches:
Dungeon (4/15)
 Temple: D:4-7

Altars:

#..>.......#
####'
#...##..##.#
#..[.
#...##.)##.##
#....
#........#..#
......
#........#..+
........
#+####.###..#
########
##.###..#
#.......#
#......@#
#######O# ...
..... .......
.........
####......#
#......#


You could see an ogre (extremely poisoned).


Message History

No target in view!
No target in view!
No target in view!
No target in view!
No target in view!
No target in view!
No target in view!
No target in view!
You see here a +0 dagger {short}.
f - 91 stones {throwing} (gained 1)
f - 92 stones {throwing} (gained 1)
f - 93 stones {throwing} (gained 1)
You see here a +0 dagger {short}.
Key pressed, stopping explore.
Key pressed, stopping explore.
Key pressed, stopping explore.
Key pressed, stopping explore.
Key pressed, stopping explore.
Key pressed, stopping explore.
u - a scroll labelled MIQUOG OROG Done exploring.
Done exploring.
Done exploring.
Done exploring.
(D) Dungeon
Where to? (Enter - D:3, ? - help)
There is a stone staircase leading down here.
You climb downwards.
There is a stone staircase leading up here.
Key pressed, stopping travel.
Unknown command.
Unknown command.
You open the door.
There is an open door here.
You open the door.
There is an open door here.
Key pressed, stopping explore.
Key pressed, stopping explore.
You open the door.
There is an open door here.
As you open the door, it creaks loudly!
There is an open door here.
Key pressed, stopping explore.
You open the door.
A goblin comes into view. It is wielding a +0 dagger.
The goblin shouts!
You throw a stone {throwing}.
The stone {throwing} closely misses the goblin.
You throw a stone {throwing}. The stone {throwing} hits the goblin.
You throw a stone {throwing}. The stone {throwing} misses the goblin.
You throw a stone {throwing}. The stone {throwing} hits the goblin.
The goblin hits you with a +0 dagger.
You puncture the goblin!
You kill the goblin!
No target in view! 😕 HP[-2]
You take 2 damage, and now have 47/49 hp.
No target in view!
No target in view!
No target in view!
No target in view!
No target in view!
No target in view!
No target in view!
No target in view!
No target in view!
No target in view!
No target in view!
No target in view!
No target in view!
No target in view!
No target in view!
There is an open door here.
You see here a +0 dagger {short}.
f - 90 stones {throwing} (gained 1)
f - 91 stones {throwing} (gained 1)
f - 93 stones {throwing} (gained 2) Key pressed, stopping explore.
u - 2 scrolls labelled MIQUOG OROG (gained 1) Key pressed, stopping explore.
Found a stone staircase leading down. 😎 HP[+2]
Your hp is fully restored (49).
No target in view!
You open the door.
There is an open door here.
Found a stone staircase leading down.
As you open the door, it creaks loudly!
An ogre comes into view. It is wielding a +0 giant club.
You completely miss the ogre.
The ogre hits you with a +0 giant club!!
Ouch! That really hurt!
* * * LOW HITPOINT WARNING * * *
😨 HP[-27]
You take 27 damage, and now have 22/49 hp.
MASSIVE DAMAGE!! (PAUSE)
You feel very mighty all of a sudden.
You puncture the ogre!
The ogre looks as sick as possible!
The ogre hits you with a +0 giant club!!
You die...

Skill      XL: |  1  2  3  4 |
---------------+-------------+-----
Stealth        | 1 2 |  2.7
Dodging        | 1 |  1.7
Armour         | 3 |  3.1
Short Blades   | 1 |  1.2
Fighting       | |  3.3
Axes           | |  2.4
Shields        | |  2.4

Action                   |  1- 3 |  4- 6 || total
-------------------------+-------+-------++-------
Melee: War axe           |    46 |       ||    46
       Dagger            |     5 |    41 ||    46
Throw: Stone             |    14 |    20 ||    34
 Abil: Spit Poison       |     2 |       ||     2
  Use: Potion            |     2 |     4 ||     6
Armor: Scale mail        |    14 |    15 ||    29
Dodge: Dodged            |    16 |    11 ||    27
Block: Buckler           |    12 |    12 ||    24

Levels and vault maps discovered:
D:1:      dpeg_arrival_arbitrary_a, layout_basic, wad_woods_river_04
D:2:      layout_rooms, uniq_terence, uniq_crazy_yiuf_cottage, uniq_robin
D:3:      layout_basic, dreamdust_princess_corridor
D:4:      layout_gridville, mainiacjoe_overflow_surrounded_room,
          minmay_temple_entry_offerings, serial_shops, nicolae_shop_stone,
          uniq_duvessa

Notes
Turn   | Place    | Note
-------+----------+-------------------------------------------
     0 | D:1      | spaghetti the Naga Fighter began the quest for the Orb.
     0 | D:1      | Reached XP level 1. HP: 21/21 MP: 1/1
     0 | D:1      | magus.rc [v1.9.6]
   447 | D:1      | Reached XP level 2. HP: 19/28 MP: 2/2
   667 | D:1      | Reached skill level 1 in Stealth
   998 | D:2      | Noticed Terence
  1011 | D:2      | Killed Terence
  1012 | D:2      | Reached skill level 1 in Dodging
  1012 | D:2      | Reached XP level 3. HP: 13/34 MP: 3/3
  1438 | D:2      | Identified the +8 dagger of Idodunnaar {venom, rPois MP+9
                  | Str+4 Dex+4}
  1641 | D:2      | Reached XP level 4. HP: 42/42 MP: 4/4
  1642 | D:2      | Noticed Robin
  1659 | D:2      | Gained mutation: You are somewhat resistant to further
                  | mutation. [potion of mutation]
  1660 | D:2      | Killed Robin
  1661 | D:2      | Reached skill level 3 in Armour
  1661 | D:2      | Reached skill level 2 in Stealth
  1975 | D:2      | You pick up a book of Alchemy and begin reading...
  1975 | D:2      | You add the spells Sublimation of Blood, Petrify and
                  | Irradiate to your library.
  2119 | D:2      | Found a runed translucent door.
  2120 | D:2      | Noticed Crazy Yiuf
  2201 | D:2      | HP: 9/42 [Crazy Yiuf/+4 quarterstaff of chaos (7)]
  2203 | D:2      | Killed Crazy Yiuf
  2204 | D:2      | Reached skill level 1 in Short Blades
  2582 | D:3      | Reached XP level 5. HP: 49/49 MP: 5/5
  3691 | D:4      | Noticed an ogre
  3694 | D:4      | Slain by an ogre

Vanquished Creatures
  Crazy Yiuf (D:2)
  Terence (D:2)
  Robin (D:2)
  A worm (D:3)
  3 dart slugs
  An orc (D:3)
  4 endoplasms
  16 goblins
  5 hobgoblins
  6 ball pythons
  2 frilled lizards
  2 kobolds
  A rat (D:2)
44 creatures vanquished.

Table legend:
 A = Non-vault XP
 B = Vault XP
 C = Vault XP percentage of total XP
 D = Non-vault monster count
 E = Vault monster count
 F = Vault count percentage of total count
                 A         B        C        D         E       F
            +---------+---------+-------+---------+---------+-------
      Total |      63 |     115 |  64.6 |      31 |      13 |  29.5
            +---------+---------+-------+---------+---------+-------
        D:1 |      14 |       0 |   0.0 |       7 |       0 |   0.0
        D:2 |      35 |     115 |  76.7 |      19 |      13 |  40.6
        D:3 |      12 |       0 |   0.0 |       4 |       0 |   0.0
        D:4 |       2 |       0 |   0.0 |       1 |       0 |   0.0
            +---------+---------+-------+---------+---------+-------

Illustrated notes

Table legend:
 A = Kills in this place as a percentage of kills in entire the game.
 B = Kills by you in this place as a percentage of kills by you in the entire game.
 C = Kills by friends in this place as a percentage of kills by friends in the entire game.
 D = Other kills in this place as a percentage of other kills in the entire game.
 E = Experience gained in this place as a percentage of experience gained in the entire game.
 F = Experience gained in this place divided by the number of levels of this place that you have seen.
                   A       B       C       D       E      F
               +-------+-------+-------+-------+-------+----------------------
         Total | 100.0 | 100.0 |   N/A |   N/A | 100.0 |  44.5
       Dungeon | 100.0 | 100.0 |   N/A |   N/A | 100.0 |  44.5
               +-------+-------+-------+-------+-------+----------------------

Table legend: (Time is in decaauts)
 A = Elapsed time spent in this place.
 B = Non-inter-level travel time spent in this place.
 C = Inter-level travel time spent in this place.
 D = Time resting spent in this place.
 E = Time spent auto-exploring this place.
 F = Levels seen in this place.
 G = Mean time per level.
                   A        B        C        D        E       F      G
               +--------+--------+--------+--------+--------+-----+--------+
         Total |   4680 |   4490 |    190 |    724 |   3442 |   4 | 1170.0 |
       Dungeon |   4680 |   4490 |    190 |    724 |   3442 |   4 | 1170.0 |
               +--------+--------+--------+--------+--------+-----+--------+

Top non-repeatable levels by time:
     D:2: 1694 daAuts
     D:3: 1504 daAuts
     D:1: 1312 daAuts
     D:4: 169 daAuts
